 Dungeon Crawl Stone Soup version 0.28-a0-537-g3bccd9ccbf (webtiles) character file.

Game seed: 12826613993444013090

18029 heikuro the Basher (level 12, -3/87 HPs)
             Began as a Formicid Fighter on Sept 27, 2021.
             Was an Initiate of Gozag.
             Killed by divine providence
             ... invoked by a smoke demon
              (10 damage)
             ... on level 3 of the Abyss.
             The game lasted 00:28:17 (10841 turns).

heikuro the Basher (Formicid Fighter)              Turns: 10841, Time: 00:28:17

Health: -3/87      AC: 23    Str: 24    XL:     12   Next: 90%
Magic:  10/10      EV:  6    Int: 10    God:    Gozag
Gold:   2520       SH: 16    Dex: 14    Spells: 11/11 levels left

rFire   . . .      SeeInvis +   b - +5 mace "Johuxzao" {protect, Dex+4}
rCold   . . .      Faith    .   g - +0 tower shield
rNeg    + . .      Spirit   .   o - +0 plate armour
rPois   .          Reflect  .   (helmet unavailable)
rElec   .          Harm     .   x - +0 cloak
rCorr   .          Rampage  .   (no gloves)
Will    ++...      Clarity  +   (no boots)
Stlth   ..........              f - amulet of regeneration
HPRegen 1.24/turn               s - ring of positive energy
MPRegen 0.12/turn               L - ring of willpower

@: gold aura, under a protective aura
A: permanent stasis, dig shafts and tunnels, antennae 3, four strong arms,
hooves 1, clarity, frail 1, low mp 1
a: Dig, Shaft Self, Renounce Religion, Potion Petition, Call Merchant, Bribe
Branch


You were on level 3 of the Abyss.
You worshipped Gozag.
Gozag was most pleased with you.
You visited 3 branches of the dungeon, and saw 15 of its levels.
You visited the Abyss 1 time.

You collected 2553 gold pieces.
You paid 33 gold pieces to Gozag.

Inventory:

Hand Weapons
 a - the +5 mace of Ipro {venom, Str+2}
   (You found it on level 5 of the Dungeon)

   It poisons the flesh of those it strikes.
   Str:       It affects your strength (+2).
 b - the +5 mace "Johuxzao" (weapon) {protect, Dex+4}
   (You found it on level 5 of the Dungeon)

   It grants its wielder temporary protection when it strikes (+7 to AC).
   Dex:       It affects your dexterity (+4).
 v - the +1 mace of Blind Justice {flame, *Noise rPois rF++ Dex+3}
   (You found it on level 5 of the Dungeon)

   It burns those it strikes, dealing additional fire damage.
   Dex:       It affects your dexterity (+3).
   rF:        It greatly protects you from fire.
   rPois:     It protects you from poison.
   *Noise:    It may make noises in combat.
 A - a +1 hand axe of electrocution
Missiles
 n - 27 poisoned darts (quivered)
 p - a throwing net
 q - 2 curare-tipped darts
Armour
 g - a +0 tower shield (worn)
 o - a +0 plate armour (worn)
 x - a +0 cloak (worn)
 y - a scarf of repulsion
Jewellery
 f - an amulet of regeneration (around neck)
 s - a ring of positive energy (left hand)
 H - a ring of ice
 I - a ring of magical power
 L - a ring of willpower (right hand)
Wands
 E - a wand of iceblast (18)
 G - a wand of polymorph (10)
Scrolls
 c - a scroll of immolation {unknown}
 e - 4 scrolls of amnesia {unknown}
 i - 4 scrolls of magic mapping {unknown}
 k - 3 scrolls of noise {unknown}
 m - 7 scrolls of identify
 r - 6 scrolls of blinking {unknown}
 u - a scroll of vulnerability {unknown}
 w - a scroll of fog {unknown}
 B - a scroll of enchant armour {unknown}
 F - a scroll of brand weapon {unknown}
 P - a scroll of enchant weapon {unknown}
Potions
 d - 4 potions of might
 h - a potion of invisibility
 j - 3 potions of curing
 l - a potion of flight
 t - 2 potions of brilliance
 z - 2 potions of cancellation
 C - a potion of resistance
 D - a potion of heal wounds
 J - 2 potions of attraction {unknown}
 N - a potion of lignification {unknown}
 O - a potion of magic {unknown}
Miscellaneous
 K - a tin of tremorstones (inert)
 M - a phial of floods


   Skills:
 + Level 10.0 Fighting
 - Level 5.2(9.0) Axes
 * Level 11.2(11.7) Maces & Flails
 + Level 10.0 Armour
 + Level 10.8 Shields
 + Level 7.5 Evocations


You had 11 spell levels left.
You didn't know any spells.
Your spell library contained the following spells:

 Spells                   Type           Power      Damage    Failure   Level
 Animate Skeleton         Necr           0%         N/A       100%        1
 Magic Dart               Conj           0%         1d3       100%        1
 Pain                     Necr           0%         1d4       100%        1
 Searing Ray              Conj           0%         2d4       100%        2
 Slow                     Hex            0%         N/A       100%        2
 Confusing Touch          Hex            0%         N/A       100%        3
 Dazzling Flash           Conj/Hex       0%         N/A       100%        3
 Gell's Gravitas          Tloc           0%         N/A       100%        3
 Lesser Beckoning         Tloc           0%         N/A       100%        3
 Teleport Other           Tloc           0%         N/A       100%        3
 Vampiric Draining        Necr           0%         2d6       100%        3
 Fulminant Prism          Conj/Hex       0%         3d6       100%        4
 Agony                    Necr           0%         N/A       100%        5
 Silence                  Hex/Air        0%         N/A       100%        5
 Yara's Violent Unravell  Hex/Tmut       0%         3d3       100%        5


Dungeon Overview and Level Annotations

Branches:
Dungeon (13/15)            Temple (1/1) D:4            Lair (1/6) D:10
    Orc (0/2) D:9          Vaults (0/5) D:13

Altars:
Ashenzari
Cheibriados
Dithmenos
Elyvilon
Fedhas
Gozag
Hepliaklqana
Kikubaaqudgha
Makhleb
Nemelex Xobeh
Okawaru
Qazlal
Ru
Sif Muna
Trog
Uskayaw
Vehumet
Wu Jian
Xom
Yredelemnul
Zin
The Shining One

Shops:
D:3 [*   D:7 *   D:8 *   D:9 (   D:10 *


Innate Abilities, Weirdness & Mutations

You cannot be hasted, slowed, berserked, paralysed or teleported.
You can dig through walls and to a lower floor.
You have a pair of large antennae on your head. (SInv)
Your four strong arms can wield two-handed weapons with a shield.
You have large cloven feet.
You possess an exceptional clarity of mind.
You are frail. (-10% HP)
Your magical capacity is low. (-10% MP)


Message History

You hit the titan skeleton.
You kick the titan skeleton, but do no damage.
The titan skeleton is severely damaged.
You block the titan skeleton's attack.
You sock the titan skeleton! You kick the titan skeleton.
The titan skeleton is almost destroyed.
The titan skeleton hits you!!
* * * LOW HITPOINT WARNING * * *
You hit the titan skeleton.
The titan skeleton is almost destroyed.
The titan skeleton hits you but does no damage.
You hit the titan skeleton.
The titan skeleton is almost destroyed.
You hit the titan skeleton.
You kick the titan skeleton, but do no damage.
The titan skeleton is almost destroyed.
You block the titan skeleton's attack.
You hit the titan skeleton. You kick the titan skeleton.
The titan skeleton is almost destroyed.
The titan skeleton hits you but does no damage.
You sock the titan skeleton!
You destroy the titan skeleton!
Your Fighting skill increases to level 10!
You now have 2520 gold pieces (gained 6).
A smoke demon comes into view.
The smoke demon hits you but does no damage.
You block the smoke demon's attack. The smoke demon barely misses you.
You thump the smoke demon! You kick the smoke demon.
The smoke demon is moderately wounded.
You sock the smoke demon! You kick the smoke demon.
The smoke demon is severely wounded.
The smoke demon gestures at you. Something smites you!
* * * LOW HITPOINT WARNING * * *
You hit the smoke demon.
The smoke demon is almost dead.
The smoke demon gestures at you. Something smites you!
You die...
Your body crumbles into a pile of gold.

# . #.##
.# # ##.
###. # {
## #.# {
.# .## {
#. #.##
#.###.#
#..@.# {
#.###3.#
... #..#
###.
...# .#
.#≈# # #
≈# .. ..


You could see a smoke demon.

Vanquished Creatures
  3 two-headed ogres
  A titan skeleton (Abyss:3)
  2 deep elf pyromancers
  A cyclops (D:11)
  2 manticores
  2 ugly things (D:12)
  A gargoyle (D:12)
  An unseen horror (D:11)
  Maggie (D:9)
  A komodo dragon (D:11)
  2 trolls
  5 slime creatures (D:12)
  A shadow (D:9)
  3 wyverns (D:10)
  Sigmund (D:3)
  14 yaks
  2 wraiths
  A basilisk (D:13)
  10 vampire mosquitoes
  2 steam dragons
  3 water moccasins (D:10)
  8 orc warriors
  A hornet zombie (D:8)
  2 ice beasts
  A necrophage (D:6)
  An ogre (D:4)
  6 centaurs
  A phantom (D:6)
  A bullfrog (D:8)
  3 kobold brigands
  A gnoll sergeant (D:10)
  A wyvern zombie (D:4)
  3 scorpions
  12 killer bees
  3 wights (D:8)
  4 electric eels (D:9)
  3 bullfrog zombies
  3 crimson imps (D:7)
  4 centaur zombies
  2 hounds (D:6)
  Crazy Yiuf (D:5)
  11 orc priests
  A centaur skeleton (D:7)
  2 iguanas
  2 bullfrog skeletons
  A gnoll shaman (D:8)
  8 orc wizards
  10 gnolls
  A howler monkey skeleton (D:4)
  6 adders
  A shadow imp (D:5)
  3 white imps
  An adder skeleton (D:5)
  A worm (D:2)
  4 dart slugs
  40 orcs
  2 ball pythons
  11 bats
  6 endoplasms
  A giant cockroach (D:2)
  8 goblins
  10 hobgoblins
  4 jackals (D:1)
  3 quokkas
  A frilled lizard (D:3)
  22 kobolds
  4 rats
  A spectral orc (D:4)
285 creatures vanquished.

Vanquished Creatures (others)
  Psyche (D:9)
  2 fungi (D:10)
  14 plants
  16 withered plants (D:1)
33 creatures vanquished.

Grand Total: 318 creatures vanquished

Notes
Turn   | Place    | Note
-------+----------+-------------------------------------------
     0 | D:1      | heikuro the Formicid Fighter began the quest for the Orb.
     0 | D:1      | Reached XP level 1. HP: 18/18 MP: 1/1
   166 | D:1      | Reached XP level 2. HP: 23/24 MP: 2/2
   439 | D:1      | Reached XP level 3. HP: 26/29 MP: 3/3
   681 | D:1      | Found a faded altar of an unknown god.
   899 | D:1      | Reached XP level 4. HP: 26/37 MP: 4/4
  2058 | D:3      | Reached XP level 5. HP: 42/42 MP: 5/5
  2068 | D:3      | Found Lant's Assorted Antiques.
  2112 | D:3      | Found Erchiv's Armour Emporium.
  2260 | D:3      | Noticed Sigmund
  2286 | D:3      | Killed Sigmund
  2287 | D:3      | Reached XP level 6. HP: 42/49 MP: 6/6
  2445 | D:4      | Found a staircase to the Ecumenical Temple.
  2470 | Temple   | Entered the Ecumenical Temple
  2632 | Temple   | Became a worshipper of Gozag Ym Sagoz the Greedy
  2735 | D:4      | You fall into a shaft and drop 1 floor!
  2735 | D:5      | Entered Level 5 of the Dungeon
  3034 | D:4      | Found a hazy altar of Hepliaklqana.
  3185 | D:4      | Found a sacrificial altar of Ru.
  3274 | D:5      | Reached XP level 7. HP: 55/55 MP: 7/7
  3427 | D:5      | Reached skill level 5 in Axes
  3504 | D:5      | Reached skill level 5 in Shields
  3639 | D:4      | Reached skill level 5 in Armour
  3669 | D:5      | Found a runed translucent door.
  3670 | D:5      | Identified the +5 mace "Johuxzao" {protect, Dex+4}
  3670 | D:5      | Noticed Crazy Yiuf
  3673 | D:5      | Identified the +1 mace of Blind Justice {flame, *Noise
                  | rPois rF++ Dex+3}
  3683 | D:5      | Killed Crazy Yiuf
  3684 | D:5      | Reached skill level 5 in Fighting
  3701 | D:5      | Identified the +5 mace of Ipro {venom, Str+2}
  3718 | D:5      | Reached skill level 1 in Maces & Flails
  3779 | D:5      | Reached XP level 8. HP: 61/62 MP: 8/8
  3908 | D:6      | Reached skill level 2 in Maces & Flails
  4010 | D:6      | Reached skill level 3 in Maces & Flails
  4160 | D:6      | Found an ornate altar of the Wu Jian Council.
  4475 | D:6      | Reached skill level 4 in Maces & Flails
  4753 | D:7      | Found Tidat Adoco's General Store.
  4865 | D:7      | Reached XP level 9. HP: 69/69 MP: 9/9
  5083 | D:7      | Reached skill level 5 in Maces & Flails
  5214 | D:7      | Found a shimmering altar of Xom.
  5420 | D:7      | Reached skill level 1 in Evocations
  5605 | D:7      | Reached skill level 6 in Maces & Flails
  5676 | D:8      | Reached XP level 10. HP: 74/79 MP: 10/10
  5802 | D:8      | Found a shadowy altar of Dithmenos.
  5919 | D:8      | Found Amagh's Gadget Gallery.
  5959 | D:8      | Reached skill level 7 in Maces & Flails
  6113 | D:8      | Found an iron altar of Okawaru.
  6317 | D:9      | Found Vudiz's Antique Weapon Shoppe.
  6535 | D:9      | Noticed Psyche
  6548 | D:9      | Noticed Maggie
  6549 | D:9      | Killed Psyche
  6567 | D:9      | Killed Maggie
  6919 | D:8      | Reached skill level 8 in Maces & Flails
  7009 | D:9      | Gained mutation: Your body sometimes deteriorates upon
                  | taking damage. [potion of mutation]
  7009 | D:9      | Gained mutation: You are partially covered in iridescent
                  | scales. (AC +2) [potion of mutation]
  7009 | D:9      | Gained mutation: You have large cloven feet. [potion of
                  | mutation]
  7009 | D:9      | Gained mutation: You possess an exceptional clarity of
                  | mind. [potion of mutation]
  7020 | D:9      | Lost mutation: Your body sometimes deteriorates upon taking
                  | damage. [potion of mutation]
  7020 | D:9      | Lost mutation: You are partially covered in iridescent
                  | scales. (AC +2) [potion of mutation]
  7020 | D:9      | Gained mutation: You are frail. (-10% HP) [potion of
                  | mutation]
  7020 | D:9      | Gained mutation: Your magical capacity is low. (-10% MP)
                  | [potion of mutation]
  7065 | D:9      | Found a staircase to the Orcish Mines.
  7141 | D:9      | Reached XP level 11. HP: 64/77 MP: 9/9
  7611 | D:10     | Entered Level 10 of the Dungeon
  7825 | D:10     | Found Felein's Changing Room.
  7890 | D:10     | Reached skill level 5 in Evocations
  7963 | D:10     | Found a staircase to the Lair.
  7993 | D:10     | Reached skill level 9 in Maces & Flails
  9024 | D:11     | Noticed a manticore
  9038 | D:11     | Killed a manticore
  9158 | Lair:1   | Entered Level 1 of the Lair of Beasts
  9339 | D:11     | Noticed a cyclops
  9354 | D:11     | Killed a cyclops
  9355 | D:11     | Reached XP level 12. HP: 85/85 MP: 10/10
  9384 | D:11     | Reached skill level 10 in Maces & Flails
  9550 | D:12     | Found a shimmering blue altar of Sif Muna.
  9660 | D:12     | Reached skill level 10 in Shields
  9854 | D:12     | Noticed a two-headed ogre
 10012 | D:12     | Killed a two-headed ogre
 10578 | D:13     | Noticed a two-headed ogre
 10591 | D:13     | Killed a two-headed ogre
 10592 | D:13     | Reached skill level 11 in Maces & Flails
 10747 | D:13     | Noticed a two-headed ogre
 10755 | D:13     | Killed a two-headed ogre
 10756 | D:13     | Reached skill level 10 in Armour
 10768 | D:13     | Found a gate to the Vaults.
 10768 | D:13     | Noticed a vault guard
 10768 | D:13     | Noticed a vault guard
 10768 | D:13     | Noticed a vault guard
 10768 | D:13     | Noticed a two-headed ogre
 10768 | D:13     | Noticed a vault guard
 10772 | D:13     | Cast into level 3 of the Abyss (a wizard)
 10829 | Abyss:3  | HP: 2/87 [titan skeleton (20)]
 10835 | Abyss:3  | Reached skill level 10 in Fighting
 10841 | Abyss:3  | Killed from afar by a smoke demon

Illustrated notes

Levels and vault maps discovered:
D:1:      amcnicky_arrival_gap_in_the_tavern_cellar, layout_basic,
          shapermc_ecumenical_altar_flowoftime, minmay_pentomino_o4
D:2:      layout_rooms
D:3:      layout_rooms, serial_shops, nicolae_shop_stone, shop, uniq_sigmund
D:4:      layout_cave_pools, nicolae_hepliaklqana_monster_ancestors,
          nicolae_ru_the_path_less_chosen, minmay_temple_entry_large_hall
D:5:      layout_gridville, uniq_crazy_yiuf_cottage
D:6:      layout_loops_cross, general_overflow_altar
D:7:      layout_loops_cross, led_xom_imps, serial_shops, shop_fountains
D:8:      layout_cave_pools, amcnicky_altar_gilded,
          mainiacjoe_overflow_alcove_2, nicolae_shop_gadgets
D:9:      layout_gridville, erik_orc_2, serial_shops, nicolae_diamond_shop,
          uniq_maggie, uniq_psyche
D:10:     layout_stronghold, minmay_lair_entry_grove,
          nicolae_transmutations_shop
D:11:     layout_roguey
D:12:     layout_basic, led_sif_pool
D:13:     layout_loops_ring, lightli_vaults_fourway_checkpoint,
          minmay_starry_boxes
Temple:   compressed_dpeg_circular_temple
Lair:1:   layout_roguey, st_stairs_12, serial_bayou_shore_a,
          infiniplex_staircase_pool_2, grunt_megastairs_2
Abyss:3:  base:
D:12

Skill      XL: |  1  2  3  4  5  6  7  8  9 10 11 12 |
---------------+-------------------------------------+-----
Axes           | 3 4 5 |  5.2
Armour         | 4 5 6 7 8 9 10 | 10.0
Shields        | 4 5 6 7 8 9 10 | 10.8
Fighting       | 4 5 6 7 8 9 10 | 10.0
Maces & Flails | 1 4 6 8 9 11 | 11.2
Evocations     | 2 4 6 7 |  7.5

Action                   |  1- 3 |  4- 6 |  7- 9 | 10-12 || total
-------------------------+-------+-------+-------+-------++-------
Melee: War axe           |    89 |   171 |    48 |       ||   308
       Mace              |       |       |   283 |   588 ||   871
       Kick              |       |       |       |   161 ||   161
Throw: Dart              |       |       |       |    12 ||    12
 Abil: Dig               |       |       |       |     6 ||     6
Evoke: Wand              |       |       |       |     1 ||     1
       Tin of tremorston |       |       |       |     2 ||     2
  Use: Scroll            |       |     4 |     1 |     6 ||    11
       Potion            |       |       |       |     2 ||     2
 Stab: Distracted        |       |       |     2 |     2 ||     4
Armor: Scale mail        |    31 |    21 |       |       ||    52
       Plate armour      |       |    93 |   222 |   227 ||   542
       Chain mail        |       |    13 |       |       ||    13
Dodge: Dodged            |    28 |    19 |    51 |    71 ||   169
Block: Buckler           |    24 |       |       |       ||    24
       Tower shield      |    18 |   129 |   322 |   423 ||   892

Table legend: (Time is in decaauts)
 A = Elapsed time spent in this place.
 B = Non-inter-level travel time spent in this place.
 C = Inter-level travel time spent in this place.
 D = Time resting spent in this place.
 E = Time spent auto-exploring this place.
 F = Levels seen in this place.
 G = Mean time per level.
                   A        B        C        D        E       F      G
               +--------+--------+--------+--------+--------+-----+--------+
         Total |  11219 |  10827 |    392 |    646 |   5893 |  16 |  701.2 |
       Dungeon |  10951 |  10594 |    357 |    646 |   5815 |  13 |  842.4 |
        Temple |    198 |    163 |     35 |      0 |     78 |   1 |  198.0 |
          Lair |      1 |      1 |      0 |      0 |      0 |   1 |    1.0 |
         Abyss |     68 |     68 |      0 |      0 |      0 |   1 |   68.0 |
               +--------+--------+--------+--------+--------+-----+--------+

Top non-repeatable levels by time:
     D:1: 1491 daAuts
     D:9: 1322 daAuts
    D:10: 1148 daAuts
     D:7: 958 daAuts
    D:12: 929 daAuts
     D:6: 823 daAuts
    D:11: 805 daAuts
     D:5: 803 daAuts
     D:8: 762 daAuts
     D:3: 553 daAuts
     D:4: 535 daAuts
     D:2: 518 daAuts
    D:13: 298 daAuts
  Temple: 198 daAuts
 Abyss:3: 68 daAuts
